Mecha, lawful male human Samurai * ` # .-...--- -------.*##*** ##* #.............-.########|......| #---------- |.......#########``######...............#### ###.u......#### .........| |......| * *` # ### #-..............`*#** #...(.*.| ##....^....| |...... `####### #.............-.##` ###|S.....| # ---.------ --.----- * # ## *###### ## *## *###.C@Me...########## # ` * ### # ## ` *########p&'l..--# # ## # ### ` * ` ### `* ` *#######*####*# ##### # # ### ## # ` # ### #*####*###*# *##` # # * ###* # * `* ` #[ # # #*######*### ## ##* #*# # * #--|--- # * *` ######.......-.h...-#* *#`##` # # *#* |..*.| #** * #.......-###`#........<....*### ## #######*# ` |.!.*| -.-..--. ........#*###.......h.**...##* ## ##----.# * |%!(.| |......-######|.......#*#*#..............######## *#|...|# |!%?*| ........### ##........# #*`.............- ##*#* # #....|# |.(/.| |....>..######........##`# * ` # # $ ##-...|# ------ -----...#`#* #.....-.- **#* *`` # # |...-# ` * * ` $ ----- Mecha the Joshu Experience level: 11 Strength: 18 Dexterity: 11 Constitution: 18 Intelligence: 9 Wisdom: 11 Charisma: 8 Health: 100(114) Energy: 42(42) Def: 27 Gold: 984 Moves: 22536 Dungeon seed: oNgYaD89ZmJR2X1b Game ID: Mecha_1478333143 Your Inventory: Coins $ - 984 gold pieces Weapons a - the blessed rustproof +0 Excalibur (weapon in hand) b - a blessed corroded +0 katana (wielded in other hand) c - a +0 yumi d - 14 +0 ya p - 19 +0 elven arrows (in quiver) H - 17 +0 arrows I - 28 cursed +0 arrows K - 14 poisoned +0 orcish arrows Q - a +0 orcish arrow Armor n - an uncursed +0 elven cloak (being worn) q - a blessed +2 elven mithril-coat (being worn) D - an uncursed +6 pair of elven boots (being worn) N - a blessed +2 pair of yugake (being worn) R - a blessed +4 kabuto (being worn) Comestibles M - an uncursed pancake Scrolls f - an uncursed scroll of stinking cloud h - an uncursed scroll of amnesia G - 2 uncursed scrolls of teleportation Y - a blessed scroll of identify Potions l - 2 uncursed potions of object detection m - a cursed potion of object detection Rings B - an uncursed ring of slow digestion (on right hand) C - an uncursed ring of poison resistance S - an uncursed +1 ring of gain strength (on left hand) Wands e - a wand of teleportation (0:6) j - a wand of light (0:14) v - a wand of digging (0:6) F - a wand of undead turning (0:6) O - a wand of striking (0:7) V - a wand of magic missile (0:6) W - a wand of sleep (0:7) Tools i - an uncursed bag of holding o - an uncursed blindfold t - an uncursed brass lantern (0:731) x - an uncursed osaku J - an uncursed tin opener P - a +0 unicorn horn Gems r - an uncursed jet stone y - 2 uncursed opals Contents of the bag of holding: an uncursed banana 2 uncursed cloves of garlic an uncursed giant ant egg 2 uncursed fortune cookies 4 uncursed gunyoki an uncursed orange 5 uncursed slime molds an uncursed tripe ration an uncursed scroll of amnesia a blessed scroll of earth an uncursed scroll of enchant armor a cursed scroll of enchant armor an uncursed scroll of identify a blessed scroll of magic mapping an uncursed ring of fire resistance an uncursed -5 ring of increase accuracy an uncursed ring of levitation a wand of locking (0:6) a wand of sleep (0:5) an uncursed leash an uncursed mirror a +0 pick-axe an uncursed stethoscope a tinning kit (0:91) Spells and supernatural/magical abilities: Name Level Category Fail Memory c - cause fear 3 enchantment 100% 17% k - knock 1 matter 100% 63% l - light 1* divination 100% 0% o - cone of cold 4 attack 100% 63% O - create monster 2 clerical 100% 40% W - pray for help -- divine ? -- Your skills at the end: Fighting Skills martial arts [Basic] two weapon combat [Skilled] Weapon Skills short sword [Basic] long sword [Expert] bow [Skilled] Spellcasting Skills Final Attributes: You were piously aligned. You were cold resistant. You were poison resistant. You were level-drain resistant. You saw invisible. You were telepathic. You had automatic searching. You were stealthy. You aggravated monsters. You had slower digestion. You were protected. You were fast. You were wielding two weapons at once. You were extremely lucky. You are dead. Vanquished creatures: a vampire lord an ettin 7 ghosts 4 giant mimics an umber hulk 2 large mimics a wumpus a long worm a stalker an air elemental a fire elemental an earth elemental a water elemental 6 elf-lords 2 sergeants 8 small mimics a warhorse a xan an ettin mummy an ogre lord a quantum mechanic 2 pyrolisks 2 large dogs 3 freezing spheres 2 flaming spheres a shocking sphere 3 large cats a tiger a gargoyle an ochre jelly an elf mummy a red naga 2 pythons 6 wraiths 2 carnivorous apes 6 ettin zombies a leather golem a Grey-elf 5 soldiers 2 succubi a crocodile a giant beetle a quivering blob 2 cockatrices 6 wolves 8 winter wolf cubs a lynx 3 panthers a spotted jelly a leprechaun 2 orc-captains an iron piercer a mumak 4 giant spiders a scorpion an ice vortex a black light 4 vampire bats a forest centaur 2 gnome kings a dwarf mummy a rust monster 2 owlbears 3 yetis a werewolf 4 Green-elves 5 lizards 6 chickatrices a dog 3 dingos 3 housecats a jaguar 2 blue jellies a gray unicorn 6 dust vortices a raven 2 plains centaurs 3 gnome mummies 2 snakes 9 apes 6 human zombies a rope golem a Woodland-elf 6 soldier ants 2 fire ants 5 bugbears an imp a quasit a wood nymph 3 water nymphs 2 mountain nymphs 6 Mordor orcs 11 Uruk-hai 5 rock piercers 3 ponies a fog cloud 7 yellow lights 3 shriekers 2 violet fungi 3 gnome lords 3 gnomish wizards a black naga hatchling a gray ooze 2 barrow wights 14 elf zombies a ghoul a straw golem a paper golem 2 baby crocodiles 42 giant ants 2 little dogs 6 floating eyes 4 kittens 2 dwarves 2 homunculi 2 kobold lords a kobold shaman 10 hill orcs a rothe a centipede 4 giant bats a monkey 8 orc zombies 5 dwarf zombies 3 wererats 5 werejackals 6 iguanas 16 killer bees 5 acid blobs 3 coyotes 2 gas spores 2 hobbits 8 manes 12 hobgoblins 7 giant rats 11 cave spiders a brown mold 8 yellow molds a green mold 3 red molds 29 gnomes 17 garter snakes 4 gnome zombies 7 geckos 9 jackals 7 foxes 2 kobolds a goblin 8 sewer rats 6 grid bugs 5 bats 9 lichens 5 kobold zombies 8 newts 584 creatures vanquished. Voluntary challenges: You used a wielded weapon 906 times, starting on turn 1. You read items or engraved 52 times, starting on turn 1371. You never genocided any monsters. You never polymorphed an object. You never changed form. You used no wishes. You never split a pudding. You wrote Elbereth's name 13 times, starting on turn 7171. You violated your moral code, losing 21 points of alignment, starting on turn 5841. Dungeon overview: The Dungeons of Doom: levels 1 to 17 Level 1 a long staircase Level 2 a fountain stairs to The Gnomish Mines Level 3 a scroll shop Level 4 a fountain Level 5 a fountain Level 6 some fountains, a throne Level 7 Level 8 many fountains Level 9 a fountain stairs to Sokoban Level 10 Level 11 a general store Level 12 (stash) <- You were here a general store, an altar to Amaterasu Omikami Level 13 (priest) a temple to Susanowo Level 14 Level 15 a general store a magic portal Level 16 Level 17 The Gnomish Mines: levels 3 to 5 Level 3 stairs to The Dungeons of Doom Level 4 Level 5 some shops, a temple to Susanowo, some fountains Sokoban: levels 5 to 8 Level 5 Level 6 Level 7 Level 8 stairs to The Dungeons of Doom History has recorded: On T:1 you entered the Dungeons of Doom to retrieve the Amulet of Yendor! On T:475 you reached level 2 of The Dungeons of Doom. On T:593 you advanced to experience level 2. On T:850 you reached level 1 of The Gnomish Mines. On T:871 you advanced to experience level 3. On T:927 you advanced to experience level 4. On T:1296 you reached level 2 of The Gnomish Mines. On T:1309 you advanced to experience level 5. On T:1445 you reached level 3 of The Gnomish Mines. On T:2275 you advanced to experience level 6. On T:3242 you reached level 3 of The Dungeons of Doom. On T:3744 you reached level 4 of The Dungeons of Doom. On T:3936 you reached level 5 of The Dungeons of Doom. On T:4297 you reached level 6 of The Dungeons of Doom. On T:4546 you advanced to experience level 7. On T:5478 you reached level 7 of The Dungeons of Doom. On T:5825 you reached level 8 of The Dungeons of Doom. On T:5916 you reached level 9 of The Dungeons of Doom. On T:6906 you advanced to experience level 8. On T:7116 you reached level 4 of Sokoban. On T:7448 you reached level 3 of Sokoban. On T:8073 you reached level 2 of Sokoban. On T:8463 you reached level 1 of Sokoban. On T:9487 you advanced to experience level 9. On T:11196 you reached level 10 of The Dungeons of Doom. On T:11610 you reached level 11 of The Dungeons of Doom. On T:12345 you reached level 12 of The Dungeons of Doom. On T:13105 you advanced to experience level 10. On T:13401 you reached level 13 of The Dungeons of Doom. On T:14672 you reached level 14 of The Dungeons of Doom. On T:15972 you advanced to experience level 11. On T:20378 you reached level 15 of The Dungeons of Doom. On T:20714 you reached level 16 of The Dungeons of Doom. On T:21709 you reached level 17 of The Dungeons of Doom. Score breakdown: Gold: 984 (10182 points) Experience: 11 levels (17616 points) Exploration: 17 levels ( 36.17%) (17693 points) Discoveries: 41 items ( 16.67%) (12247 points) Valuables value: (no points given unless you survive) Artifact value: 4000 (12253 points) Variety of kills: 154 monsters ( 40.42%) (19073 points) Turncount: 22536 turns (-3578 points) Survival: died (score multiplied by 80%) Total score: 68388 Latest messages: You hit the elf-lord! (2x) The elf-lord zaps a marble wand! The death ray whizzes by you! The death ray bounces! You hit the elf-lord! (2x) The elf-lord reads a scroll of create monster! You hit the elf-lord! You kill the elf-lord! The dwarf mummy just misses! The forest centaur hurls a puce potion! The jar crashes on your head and breaks into shards. Something seems to be holding you. The forest centaur misses. The forest centaur kicks! The dwarf mummy misses. The hezrou picks up a wand of death. The flesh golem hits! (2x) The forest centaur hits! The forest centaur misses. The dwarf mummy hits! The flesh golem hits! (2x) The forest centaur misses. The forest centaur kicks! The forest centaur misses. (2x) The hezrou zaps a wand of death! The death ray hits you! Final status: Sayonara Mecha the Samurai, killed by a death ray, while frozen by potion vapours... You died in The Dungeons of Doom on dungeon level 12 with 68388 points, and 984 pieces of gold, after 22536 moves. You were level 11 with a maximum of 114 hit points when you died.